[Event "Polish University-ch Teams 2024"]
[Site "Lublin"]
[Date "2024.02.24"]
[Round "1.1"]
[White "Kowalski, Igor"]
[Black "Smieszek, Wojciech"]
[Result "1-0"]
[ECO "A67"]
[WhiteElo "2372"]
[BlackElo "2130"]
[Annotator "TA"]
[PlyCount "83"]
[EventDate "2024.02.22"]
[EventType "team-tourn"]
[EventCountry "POL"]
[SourceTitle "playchess.com"]
[Source "ChessBase"]
[SourceQuality "1"]
[TimeControl "900+5"]

1. d4 Nf6 2. c4 c5 3. d5 e6 4. Nc3 exd5 5. cxd5 d6 6. e4 g6 7. f4 Bg7 8. Bb5+ Nfd7 9. a4 O-O 10. Nf3 a6 11. Bd3 Nf6 12. O-O Bg4 13. Re1 Re8 14. Kh1 Nbd7 15. h3 {[%emt 0:00:09] The position is equal.} Bxf3 (15... c4 $5 16. Bxc4 Rc8 $14) 16. Qxf3 Rc8 17. Be3 c4 18. Bc2 Nc5 19. Bxc5 Rxc5 20. e5 dxe5 21. fxe5 Nd7 (21... Nxd5 $2 22. Rad1 $18) 22. e6 fxe6 23. dxe6 (23. Rxe6 {simplifies} Rc8 24. Rd1 Rf8 25. Qg3) 23... Ne5 {[%emt 0:00:02] Repels Qf7+} 24. Qxb7 Rxe6 25. Rad1 Qe8 (25... Qc8 {simplifies} 26. Qxc8+ Rxc8 27. b3 Kh8) 26. Be4 {[%emt 0:01:49] [#] Strongly threatening Bd5.} Nc6 $2 (26... Nf7 $1 $11 {and Black has nothing to worry.} 27. Rd7 Bxc3 28. bxc3 Rf5) 27. Rf1 $2 ({Worse is} 27. Qxa6 Bxc3 28. bxc3 Rce5 (28... Rxe4 $2 {loses.} 29. Rxe4 Qxe4 30. Qc8+ Kf7 31. Rd7+ Ne7 32. Qxc5 $18) 29. Qxc4 (29. Bd5 $2 Rxd5 30. Rf1 Na5 $19) 29... Kg7 30. Bxc6 Rxe1+ 31. Rxe1 Rxe1+ 32. Kh2 Qe5+ 33. g3 Qe2+ 34. Qxe2 Rxe2+ 35. Kg1 Rc2 $17) (27. Bd5 $2 Rxd5 28. Rxe6 Rxd1+ 29. Nxd1 Qxe6 $19) ({Better is} 27. Rd5 $18 Bxc3 28. bxc3) 27... Bxc3 $1 $11 28. Bxc6 Rcxc6 29. bxc3 Re7 {[%emt 0:00:07] Prevents Rd7} 30. Qb4 Rf7 31. Rxf7 Kxf7 $14 {[%emt 0:00:44][%mdl 4096] Endgame. KQR-KQR} 32. Rf1+ Kg8 33. Qb7 Rd6 34. Qc7 Rc6 35. Qa5 {[%emt 0:00:37] White is much more active.} Kg7 36. Qd5 Qe6 ({Black should play} 36... h5 $14) 37. Qd4+ $16 Kh6 38. Qf4+ ({White should try} 38. Qh4+ $16 Kg7 39. Qd4+ Kh6 40. Rf4) 38... g5 $11 39. Qf8+ Kg6 40. a5 Rd6 41. Rb1 Qf6 {[%emt 0:00:17] [#]} (41... h5 $11) 42. Qxd6 {[%emt 0:00:05][%mdl 32768] Weighted Error Value: White=0.34/Black=0.29 (precise) .  Loses game:     	---       	Black=1      Missed win:     	White=1     	---        Mistake:       	White=2     	Black=2      Inaccurate:     	White=3     	---        OK:         	White=13    	Black=11     Best:        	White=1     	Black=2      Strong:       	---       	Black=1     . Loss on time!?} 1-0

[Event "Polish University-ch Teams 2024"]
[Site "Lublin"]
[Date "2024.02.24"]
[Round "1.2"]
[White "Strzalkowski, Damian"]
[Black "Molenda, Marcin"]
[Result "1/2-1/2"]
[ECO "A46"]
[WhiteElo "1672"]
[BlackElo "2377"]
[Annotator "TA"]
[PlyCount "92"]
[EventDate "2024.02.22"]
[EventType "team-tourn"]
[EventCountry "POL"]
[SourceTitle "playchess.com"]
[Source "ChessBase"]
[SourceQuality "1"]
[TimeControl "900+5"]

1. d4 Nf6 2. Bg5 e6 3. e4 h6 4. Bxf6 Qxf6 5. Nf3 d6 6. Bd3 g6 7. O-O Bg7 8. c3 O-O 9. Nbd2 Nd7 10. Re1 e5 11. dxe5 Nxe5 12. Nxe5 Qxe5 13. Nf3 Qe7 14. Qb3 c6 15. h3 Rb8 16. Rad1 b5 17. a4 Be6 18. Qa3 bxa4 19. Nd4 {[%emt 0:00:21] Gegen Rb3 gerichtet.} Bxd4 20. cxd4 Bb3 {[%emt 0:00:15] Pariert Bc2.} 21. Rc1 Rb6 22. e5 {[%emt 0:00:15] Pariert Qf6.} Rd8 23. Be4 (23. Bc4 $11) 23... Qd7 (23... Qg5 {mit weiteren Verwicklungen.} 24. exd6 Qd2 25. d7 Rxd7 26. Bxc6 Rd8) 24. Bf3 (24. Bc2 $1 $11 {hält das Gleichgewicht.}) 24... dxe5 25. dxe5 Bd5 (25... Qd4 $15) 26. Red1 (26. Qxa4 $11 Bxf3 (26... Rxb2 27. Bxd5 cxd5 28. Qh4 $17) 27. e6 fxe6 28. gxf3) 26... Qe6 (26... Qe8 $15) 27. Qxa4 $11 Rxb2 $2 {[%emt 0:01:12][%mdl 8192] [#]} (27... Qxe5 $11 {und Schwarz ist OK.} 28. Qxa7 Qxb2 (28... Rxb2 29. Rxc6 Bxc6 30. Rxd8+ Kg7 31. Qd4 $11)) 28. Qxa7 $2 (28. Rxc6 $18 Bxc6 29. Rxd8+ Kh7 30. Bxc6 (30. Qxc6 Rb1+ 31. Kh2 Qxe5+ 32. g3 Rb2 $16) 30... Qxe5 31. Qe4 (31. Qxa7 $2 {wird mattgesetzt.} Rb1+)) 28... Qxe5 {[%emt 0:00:30] Die Stellung ist ausgeglichen.} 29. Rxc6 Bxc6 30. Rxd8+ Kg7 {[%emt 0:00:00] [#] Droht stark ...Bxf3.} (30... Be8 {vereinfacht} 31. Qa1 Rb5 32. Qxe5 Rxe5 33. Bc6 Kf8) 31. Qe3 {[%emt 0:01:00] Das Brett brennt.} Qxe3 (31... Rb1+ {hält die Spannung aufrecht.} 32. Rd1 Rxd1+ 33. Bxd1 Qxe3 34. fxe3 Kf6) 32. fxe3 Bxf3 33. gxf3 {[%emt 0:00:01][%cal Bg2f3,Bf3g4,Bg4g5][%mdl 4128] Endspiel. KR-KR} Re2 34. e4 Kf6 35. Rd5 g5 36. h4 g4 37. fxg4 Rxe4 38. g5+ Ke6 39. Ra5 h5 40. Ra6+ Ke7 41. Kf2 Rxh4 42. g6 fxg6 43. Rxg6 Kf7 44. Rg3 Kf6 45. Kg2 Kf5 46. Ra3 Ke5 {[%emt 0:00:24] Gewichteter Fehlerwert: Weiß=0.28 (präzise) /Schwarz=0.20 (präzise) .  Verlustzug:     	---       	Schwarz=1     Gewinn verpasst:   	Weiß=1     	---        Fehler:       	Weiß=3     	Schwarz=2     Ungenau:       	Weiß=2     	Schwarz=2     OK:         	Weiß=18    	Schwarz=13    Bester:       	Weiß=1     	Schwarz=1} 1/2-1/2

[Event "Polish University-ch Teams 2024"]
[Site "Lublin"]
[Date "2024.02.24"]
[Round "1.4"]
[White "Raczynski, Wiktor"]
[Black "Hrymowicz, Artur"]
[Result "0-1"]
[ECO "E12"]
[WhiteElo "1195"]
[BlackElo "2131"]
[Annotator "NA RC"]
[PlyCount "72"]
[EventDate "2024.02.22"]
[EventType "team-tourn"]
[EventCountry "POL"]
[SourceTitle "playchess.com"]
[Source "ChessBase"]
[SourceQuality "1"]
[TimeControl "900+5"]

1. d4 Nf6 2. c4 b6 3. Nc3 Bb7 4. Nf3 e6 5. Bg5 Bb4 6. e3 Bxc3+ 7. bxc3 d6 8. Qc2 Nbd7 9. Be2 h6 10. Bh4 Qe7 11. O-O g5 12. Bg3 O-O-O 13. a4 a5 14. Rab1 Ne4 15. Nd2 Nxd2 16. Qxd2 h5 17. f4 h4 18. Be1 gxf4 19. Rxf4 Rdg8 20. Rf2 Nf6 21. Bf3 Ne4 22. Bxe4 Bxe4 23. Rb2 f5 24. Kf1 Qd7 25. Ra2 Qc6 26. Qe2 Kb7 27. Bd2 Rg7 28. Bc1 Rhg8 29. Kg1 Rxg2+ 30. Rxg2 Rxg2+ 31. Qxg2 Bxg2 32. Rxg2 Qf3 33. Bd2 h3 34. Rf2 Qd1+ 35. Rf1 Qxd2 36. Rf3 Qg2# 0-1

[Event "Polish University-ch Teams 2024"]
[Site "Lublin"]
[Date "2024.02.24"]
[Round "1.7"]
[White "Walter, Szymon"]
[Black "Szustakowski, Antoni"]
[Result "1/2-1/2"]
[ECO "D32"]
[WhiteElo "2305"]
[BlackElo "2354"]
[Annotator "TA"]
[PlyCount "77"]
[EventDate "2024.02.22"]
[EventType "team-tourn"]
[EventCountry "POL"]
[SourceTitle "playchess.com"]
[Source "ChessBase"]
[SourceQuality "1"]
[TimeControl "900+5"]

1. Nf3 d5 2. c4 e6 3. e3 Nf6 4. Nc3 Be7 5. Qc2 c5 6. cxd5 exd5 7. Bb5+ Nc6 8. d4 O-O 9. dxc5 Bxc5 10. O-O Bd6 11. h3 a6 12. Be2 Be6 {[%emt 0:00:00] Schwarz steht etwas besser.} 13. Rd1 Rc8 14. Ng5 h6 15. Nxe6 fxe6 16. Bd3 Nb4 17. Qe2 Nxd3 18. Rxd3 Be5 19. Bd2 Qb6 20. Be1 Bxc3 (20... Rc4 $15) 21. Bxc3 $11 Ne4 22. Be1 Rc4 23. f3 Nd6 24. Bf2 Qc6 (24... Rfc8 $11 25. e4 d4) 25. Rad1 Rc2 26. R1d2 Rxd2 27. Qxd2 Rc8 28. Rc3 Qd7 29. Rxc8+ Qxc8 {[%emt 0:00:04][%mdl 4096] Endspiel. KQB-KQN} 30. Qb4 Qc6 31. Qf4 Nc4 32. b3 Nd2 33. h4 Qc1+ 34. Kh2 Qf1 $36 {[%emt 0:00:02][%mdl 2048] Schwarz hat gut koordiniertes Spiel.} 35. Qg4 Kf7 36. Qf4+ Kg8 37. Bg3 {[%emt 0:00:02] Zielt auf Qe5 ab.} Qe2 {[%emt 0:00:00] Und ...Nf1+ würde nun gewinnen.} 38. Qg4 $2 {[%emt 0:00:02] [#]} (38. Kh3 $11 Nf1 39. Qb8+ Kh7 40. Bf4) 38... Nf1+ $1 $19 ({Jedoch nicht} 38... Qxe3 39. Kh3 Nf1 40. Bf2 $17 (40. Bf4 $2 h5 $19)) 39. Kh3 $2 {[%emt 0:00:07][%mdl 32768] Gewichteter Fehlerwert: Weiß=0.19 (sehr präzise) /Schwarz=0.10 (sehr präzise) .  Verlustzug:     	Weiß=1     	---        Fehler:       	Weiß=1     	Schwarz=2     Ungenau:       	Weiß=4     	---        OK:         	Weiß=7     	Schwarz=9     Bester:       	Weiß=1     	---        Stark:        	---       	Schwarz=1    . Ein unerwartetes Ergebnis.} (39. Kg1 Nxe3 (39... Nxg3 40. Qxg3 Qxe3+ 41. Kf1 $19) 40. Qxe6+ Kh7 41. Qh3) 1/2-1/2

[Event "Polish University-ch Teams 2024"]
[Site "Lublin"]
[Date "2024.02.24"]
[Round "1.8"]
[White "Koziorowicz, Michal"]
[Black "Cieslak, Wiktoria"]
[Result "1-0"]
[ECO "B52"]
[WhiteElo "2324"]
[BlackElo "1868"]
[Annotator "TA"]
[PlyCount "87"]
[EventDate "2024.02.22"]
[EventType "team-tourn"]
[EventCountry "POL"]
[SourceTitle "playchess.com"]
[Source "ChessBase"]
[SourceQuality "1"]
[TimeControl "900+5"]

1. e4 c5 2. Nf3 d6 3. Bb5+ Bd7 4. Bxd7+ Qxd7 5. O-O Nf6 6. Re1 e6 7. c3 Be7 8. d4 cxd4 9. cxd4 Nc6 10. Nc3 O-O 11. Bf4 a6 12. d5 Nd8 (12... exd5 $14 13. exd5 (13. Nxd5 Nxd5 14. exd5 Na7 $14) 13... Na5) 13. h3 {[%emt 0:00:10] Weiß hat aktiveres Spiel. Die schwarzen Türme stehen passiv.} (13. Na4 $142 {Nb6 wäre nun fies.} Rb8 14. Nb6) 13... e5 $16 {[%emt 0:00:10] Weiß steht besser.} 14. Be3 b5 {[%emt 0:00:11] Lässt Na4 nicht zu} 15. Nd2 Rc8 16. Qb3 Nb7 17. a4 Nc5 18. Bxc5 Rxc5 19. axb5 axb5 20. Ra5 Rb8 21. Rea1 h6 (21... Bd8 $11 22. Ra8 Qc8 23. Rxb8 Qxb8) 22. Na2 Bd8 23. Ra6 b4 24. Nc1 (24. Ra4 $14) 24... Qc7 (24... Qc8 $1 $11 {hält das Gleichgewicht.} 25. Qd1 Bb6) 25. Nd3 Rc2 26. Rd1 (26. Nxb4 Rxd2 27. Qe3 Rxb2 $19) 26... Be7 {[%emt 0:00:56] [#]} 27. Qa4 (27. Nxb4 Rxd2 28. Rxd2 Nxe4 $15) (27. Ra4 $1 $16) 27... Rxd2 $2 28. Rxd2 $18 Nxe4 29. Rc2 Qb7 30. Qc6 {[%emt 0:01:02] Droht stark Rc4.} b3 $2 (30... Nf6 31. Qxb7 Rxb7 32. Rc8+ Kh7 33. Nxe5 dxe5) 31. Qxb7 $2 (31. Rc4 $18 Nc5 32. Nxc5 (32. Rb4 Qxa6 33. Rxb8+ Kh7 $18) 32... dxc5 33. d6) 31... Rxb7 $16 32. Rc8+ Kh7 33. Kf1 Rb5 34. Ra4 Rxd5 35. Rxe4 Rxd3 {[%emt 0:00:02][%mdl 4096] Endspiel. KRR-KRB} 36. Ke2 {[%emt 0:00:02] Gegen Rd2+ gerichtet.} Rd5 37. Rb4 f5 38. Rxb3 Ra5 (38... e4 $16 {kämpft weiter.} 39. Rc1 Ra5) 39. g3 ({Besser ist} 39. Rb7 $18 Bf6 40. Rc6) 39... d5 (39... Kg6 $16 {ist wohl besser.} 40. Rcb8 Rd5) 40. h4 {[%emt 0:00:04][%cal Bh3h4,Bh4h5][%mdl 32] [#] Und jetzt Rb7 wäre schön.} d4 $2 (40... Kg6 {war einen Versuch wert.} 41. Rcb8 Rc5) 41. h5 {[%emt 0:00:05] Zielt auf Rbb8 ab.} e4 $2 (41... Ra7 42. Rbb8 g5) 42. Rbb8 $18 g5 43. Rb7 Re5 44. Re8 {[%emt 0:00:16] Gewichteter Fehlerwert: Weiß=0.38/Schwarz=0.82.  Gewinn verpasst:   	Weiß=1     	---        Fehler:       	Weiß=4     	Schwarz=9     Ungenau:       	Weiß=2     	Schwarz=3     OK:         	Weiß=13    	Schwarz=10    Bester:       	Weiß=2     	Schwarz=2} 1-0

[Event "Polish University-ch Teams 2024"]
[Site "Lublin"]
[Date "2024.02.24"]
[Round "1.9"]
[White "Smagacz, Aleksander"]
[Black "Syrkiewicz, Michal"]
[Result "0-1"]
[ECO "B43"]
[WhiteElo "1530"]
[BlackElo "2074"]
[Annotator "NA RC"]
[PlyCount "72"]
[EventDate "2024.02.22"]
[EventType "team-tourn"]
[EventCountry "POL"]
[SourceTitle "playchess.com"]
[Source "ChessBase"]
[SourceQuality "1"]
[TimeControl "900+5"]

1. e4 c5 2. Nf3 e6 3. d4 cxd4 4. Nxd4 a6 5. Nc3 b5 6. a3 Bb7 7. Bd3 d6 8. O-O Nf6 9. Kh1 Nbd7 10. f4 Qc7 11. Qe2 Be7 12. Bd2 Rd8 13. Rae1 Nc5 14. f5 e5 15. Nf3 O-O 16. h3 Rfe8 17. b4 Nxd3 18. cxd3 Bf8 19. Rc1 Qb8 20. Bg5 Be7 21. Bxf6 Bxf6 22. Qa2 d5 23. exd5 Qa8 24. Ne4 Bxd5 25. Nxf6+ gxf6 26. Qd2 Kg7 27. Qf2 Rd6 28. Qg3+ Kh8 29. Qh4 e4 30. dxe4 Rxe4 31. Qh6 Re2 32. Qf4 Rd8 33. Rc7 Rg8 34. Qd4 Qd8 35. Rf2 Rxf2 36. Qxf2 Qxc7 0-1

[Event "Polish University-ch Teams 2024"]
[Site "Lublin"]
[Date "2024.02.24"]
[Round "1.10"]
[White "Kaminski, Maciej"]
[Black "Zozgornik, Dawid"]
[Result "1-0"]
[ECO "B33"]
[WhiteElo "1869"]
[BlackElo "1194"]
[Annotator "NA RC"]
[PlyCount "69"]
[EventDate "2024.02.22"]
[EventType "team-tourn"]
[EventCountry "POL"]
[SourceTitle "playchess.com"]
[Source "ChessBase"]
[SourceQuality "1"]
[TimeControl "900+5"]

1. e4 c5 2. Nf3 Nc6 3. d4 cxd4 4. Nxd4 e5 5. Nb5 d6 6. N1c3 a6 7. Na3 Be7 8. Nc4 Nf6 9. Bg5 Be6 10. Bxf6 Bxf6 11. Nxd6+ Kf8 12. Bc4 b5 13. Bxe6 fxe6 14. Nb7 Qb6 15. Qd7 Nd4 16. O-O Be7 17. a4 Rb8 18. axb5 Qxb7 19. Qxb7 Rxb7 20. bxa6 Ra7 21. f4 Bc5 22. Kh1 Ke7 23. Na4 Bd6 24. fxe5 Bxe5 25. Nc5 Rc8 26. Nd3 Bc7 27. c3 Bb6 28. cxd4 Bxd4 29. Ra4 Bb6 30. Ne5 Rf8 31. Rd1 Rf2 32. Nc6+ Kf7 33. Nxa7 Bxa7 34. h3 Bb8 35. a7 1-0

[Event "Polish University-ch Teams 2024"]
[Site "Lublin"]
[Date "2024.02.24"]
[Round "1.12"]
[White "Moscicka, Pola"]
[Black "Hampel, Anna"]
[Result "1-0"]
[ECO "D06"]
[WhiteElo "1960"]
[BlackElo "1697"]
[Annotator "NA RC"]
[PlyCount "77"]
[EventDate "2024.02.22"]
[EventType "team-tourn"]
[EventCountry "POL"]
[SourceTitle "playchess.com"]
[Source "ChessBase"]
[SourceQuality "1"]
[TimeControl "900+5"]

1. d4 Nf6 2. c4 d5 3. cxd5 Nxd5 4. Nc3 Bf5 5. Nf3 e6 6. e3 Nd7 7. Be2 Be7 8. O-O O-O 9. Qb3 N7f6 10. Ne5 c5 11. dxc5 Bxc5 12. Rd1 Qc7 13. Nd3 Nxc3 14. bxc3 Bd6 15. h3 Nd5 16. Bb2 Rac8 17. Rac1 Rfd8 18. c4 Nf6 19. Bf3 b6 20. Qc3 Bxd3 21. Rxd3 e5 22. Rdd1 Qe7 23. Qb3 e4 24. Be2 Nd7 25. Bg4 Rc7 26. Bxd7 Rcxd7 27. Qc3 f6 28. Qb3 Be5 29. Rxd7 Rxd7 30. c5+ Kh8 31. cxb6 Bxb2 32. Qxb2 Qd8 33. b7 Rd1+ 34. Rxd1 Qxd1+ 35. Kh2 Qd6+ 36. g3 Qb8 37. Qd4 h5 38. Qxe4 g5 39. Qc6 1-0

[Event "Polish University-ch Teams 2024"]
[Site "Lublin"]
[Date "2024.02.24"]
[Round "1.13"]
[White "Kosakowski, Jakub"]
[Black "Fernandez Garcia, Gumersindo"]
[Result "1-0"]
[ECO "A11"]
[WhiteElo "2482"]
[BlackElo "2117"]
[Annotator "TA"]
[PlyCount "81"]
[EventDate "2024.02.22"]
[EventType "team-tourn"]
[EventCountry "POL"]
[SourceTitle "playchess.com"]
[Source "ChessBase"]
[SourceQuality "1"]
[TimeControl "900+5"]

1. Nf3 d5 2. e3 Nf6 3. c4 c6 4. Nc3 e6 5. b3 Bd6 6. Bb2 Nbd7 7. Rc1 Qe7 8. Be2 dxc4 9. bxc4 {[%emt 0:00:09] White has an edge.} e5 10. d4 exd4 11. exd4 O-O 12. O-O Ba3 13. Bxa3 Qxa3 14. c5 (14. Qd2 $14) 14... Rd8 15. Nd2 Qa5 16. Nc4 Qc7 17. Nd6 {[%emt 0:00:10] And now Bc4 would win.} Nf8 18. Bc4 Be6 19. Qb3 b6 20. Rfe1 Rab8 {[%emt 0:00:52] White must now prevent ...bxc5.} 21. Bxe6 Nxe6 22. Qc4 {[%emt 0:00:04] [#]} (22. Rxe6 {is interesting.} fxe6 23. Qxe6+ Kf8 24. Kf1) 22... Nxd4 $1 23. Qxd4 {[%emt 0:02:46] Qh4 would now be deadly.} bxc5 24. Qxc5 Qxd6 (24... Rxd6 $2 {is the wrong capture.} 25. Nb5 Rxb5 26. Qxb5 $18) 25. Qxa7 Qd7 26. Qc5 Qd6 27. Qf5 Qd3 28. Qf4 Qd2 29. Qf3 c5 30. Rcd1 Qc2 31. Rc1 Qd3 32. Re3 Qd2 33. Rce1 h6 34. h4 c4 35. Qf4 {[%emt 0:00:16][%cal Oe3e8] aiming for Re8+!} Qd4 $2 {[%emt 0:00:38][%mdl 8192] [#]} (35... Qd6 $11 36. Qxd6 (36. Qxc4 Rb4 $11) 36... Rxd6) 36. Re8+ $3 $18 Nxe8 {[%emt 0:00:04] [#]} 37. Rxe8+ $1 Kh7 38. Qxd4 (38. Qxb8 $2 {perishes.} Rxb8 39. Rxb8 Qxc3 $19) 38... Rb1+ 39. Nxb1 Rxd4 40. Re1 {[%emt 0:00:11] Against Rd1} Rd3 41. Rc1 {[%emt 0:00:03] Weighted Error Value: White=0.07 (flawless) /Black=0.29 (precise) .  Loses game:     	---       	Black=1      Mistake:       	White=1     	---        Inaccurate:     	White=1     	Black=1      OK:         	White=13    	Black=12     Best:        	White=1     	Black=2      Brilliant:      	White=2     	---} 1-0

[Event "Polish University-ch Teams 2024"]
[Site "Lublin"]
[Date "2024.02.24"]
[Round "1.14"]
[White "Kopec, Norbert"]
[Black "Niedbala, Bartlomiej"]
[Result "0-1"]
[ECO "B04"]
[WhiteElo "1799"]
[BlackElo "2382"]
[Annotator "TA"]
[PlyCount "92"]
[EventDate "2024.02.22"]
[EventType "team-tourn"]
[EventCountry "POL"]
[SourceTitle "playchess.com"]
[Source "ChessBase"]
[SourceQuality "1"]
[TimeControl "900+5"]

1. e4 Nf6 2. e5 Nd5 3. d4 d6 4. exd6 cxd6 5. Nf3 g6 6. Bc4 Nb6 7. Bb3 Bg7 8. O-O O-O 9. Bg5 Nc6 10. c3 Qc7 11. Re1 {[%emt 0:00:38] The position is equal.} e5 12. Na3 a6 {[%emt 0:00:13] Prevents Nb5} 13. Qd2 Bg4 14. dxe5 dxe5 15. Rad1 Rfe8 16. Qd6 Qc8 (16... Qxd6 {simplifies} 17. Rxd6 Bf8 18. Rf6 Be6) 17. Rd2 Bxf3 18. gxf3 Qf5 19. Be3 {[%emt 0:01:15] This pair of bishops is nice.} Rad8 (19... e4 $5 20. f4 (20. Bxb6 Qg5+ 21. Qg3 Qxd2 $19) 20... Rad8 $15) 20. Qc7 {[%emt 0:00:02] [#] Threatens to win with Rxd8.} Rxd2 21. Bxd2 Qd7 22. Qxd7 Nxd7 23. Nc4 {[%emt 0:00:06] Hoping for Nd6.} Nc5 24. Bc2 b5 25. Be3 Bf8 {[%emt 0:00:14] Repels Nd6} 26. Nd2 Rd8 27. Ne4 Nd3 28. Rb1 f5 {[%emt 0:00:11] [#]} (28... Nf4 $11) 29. Ng5 $1 $16 Rd7 30. b4 {[%emt 0:00:09] Wards off Nc5} ({Better is} 30. Bb3+ $16 Kh8 31. Nf7+ Kg7 32. Bh6+ Kf6 33. Bxf8 Rxf7 34. Bxf7 Kxf7 35. Ba3) 30... h6 ({Black should play} 30... Nf4 $1 $14) 31. Ne6 f4 (31... Bg7 $16 32. Rd1 e4) 32. Bb6 $18 {[%emt 0:00:09] Bb3 is the strong threat.} e4 (32... Be7 {was called for.} 33. Rd1 e4 34. fxe4 (34. Bb3 Kh7 $18) 34... Nce5) 33. fxe4 {[%emt 0:00:02] aiming for Bb3.} Nde5 34. Bb3 Rd2 (34... Nc4 {was necessary.} 35. Nxf4 N6e5) 35. Nxf4+ Kh7 36. Be3 Rd7 37. Ne6 Be7 38. h3 Nf3+ 39. Kg2 Nh4+ 40. Kg3 g5 41. Nd4 (41. Rd1 $142 Rxd1 42. Bxd1 Bd6+ 43. f4) 41... Bd6+ 42. f4 Nxd4 43. cxd4 $2 (43. Bxd4 $18 {And now e5 would win.} Bxf4+ 44. Kf2) 43... gxf4+ $11 44. Bxf4 $2 (44. Kxh4 $11 fxe3 45. Kg4 Bxb4 46. Kf3 Rxd4 47. Kxe3) 44... Rg7+ $19 45. Kxh4 $2 (45. Kf2 Bxf4 46. Ke2 Rg2+ 47. Kd3) 45... Bxf4 46. Be6 Bg3+ {[%emt 0:00:00] Weighted Error Value: White=0.55/Black=0.24 (precise) .  Loses game:     	White=1     	---        Mistake:       	White=4     	Black=5      Inaccurate:     	White=5     	Black=4      OK:         	White=18    	Black=10     Best:        	White=2     	Black=5} 0-1

[Event "Polish University-ch Teams 2024"]
[Site "Lublin"]
[Date "2024.02.24"]
[Round "1.15"]
[White "Hasterok, Mateusz"]
[Black "Wolpiuk, Bartlomiej"]
[Result "1-0"]
[ECO "D00"]
[WhiteElo "2150"]
[BlackElo "1319"]
[Annotator "RC"]
[PlyCount "57"]
[EventDate "2024.02.22"]
[EventType "team-tourn"]
[EventCountry "POL"]
[SourceTitle "playchess.com"]
[Source "ChessBase"]
[SourceQuality "1"]
[TimeControl "900+5"]

1. d4 Nf6 2. Bg5 d5 3. Nd2 e6 4. e3 Be7 5. Bd3 O-O 6. f4 b6 7. Qe2 c5 8. c3 Nc6 9. Ngf3 Bb7 10. O-O Rc8 11. h3 h6 12. Bh4 Nb8 13. Ne5 Ne4 14. Bxe7 Qxe7 15. Bxe4 dxe4 16. dxc5 Rxc5 17. Rfd1 Rd8 18. Nb3 Rcc8 19. Nd4 a6 20. Rd2 Nd7 21. Nxd7 Rxd7 22. Rad1 Rcd8 23. Qg4 Kh7 24. h4 Qc5 25. Nxe6 Qxe3+ 26. Kh2 f5 27. Rxd7 fxg4 28. Rxg7+ Kh8 29. Rxd8# 1-0

[Event "Polish University-ch Teams 2024"]
[Site "Lublin"]
[Date "2024.02.24"]
[Round "1.16"]
[White "Hapunik, Jakub"]
[Black "Brozyna, Mateusz"]
[Result "0-1"]
[ECO "D02"]
[WhiteElo "1322"]
[BlackElo "2259"]
[Annotator "TA"]
[PlyCount "74"]
[EventDate "2024.02.22"]
[EventType "team-tourn"]
[EventCountry "POL"]
[SourceTitle "playchess.com"]
[Source "ChessBase"]
[SourceQuality "1"]
[TimeControl "900+5"]

1. d4 d5 2. Bf4 Nf6 3. Nf3 c5 4. c3 Nc6 5. e3 Qb6 6. Qb3 c4 7. Qc2 g6 (7... Bf5 $5 8. Qc1 (8. Qxf5 $2 {ist das falsche Schlagen.} Qxb2 9. Nfd2 e6 $19) 8... Nh5 $15) 8. Nbd2 Bf5 9. Qc1 Bg7 {[%emt 0:00:03] Die Stellung ist ausgeglichen.} 10. h3 O-O 11. Be2 a5 12. O-O a4 13. Ne5 Ne4 (13... Nxe5 {vereinfacht} 14. Bxe5 h5 15. Bf4 Rfc8) 14. Nxe4 {[%emt 0:00:55] [#] Und Ng3 würde nun gewinnen.} Nxe5 15. Bxe5 {[%emt 0:02:13] Droht stark Ng3.} Bxe5 16. dxe5 Bxe4 17. f3 (17. a3 $1 $11) 17... Bf5 (17... a3 $1 $15 18. bxa3 Bf5) 18. g4 (18. a3 $1 $11 {ist eher angebracht.}) 18... Bd7 (18... a3 $1 $15 19. bxa3 Bd7 (19... Bd3 20. Bxd3 cxd3 21. Rd1 $15)) 19. Rd1 {[%emt 0:01:28] [#]} (19. a3 $11 {bleibt in der Remisbreite.}) 19... a3 $1 20. Rb1 Qc5 $36 {[%emt 0:00:08][%mdl 2048] Schwarz ist am Drücker. Schwarz steht aktiver.} 21. Kf2 f6 22. exf6 Rxf6 23. Rd4 {[%emt 0:00:53] Danach ist Weiß chancenlos.} (23. b4 $17 Qd6 24. f4) 23... e5 $19 24. Rd1 Bc6 25. Kg3 axb2 26. Rxb2 Raf8 {[%emt 0:00:17][%cal Od5d4] Droht ...d4! und aus.} 27. Rf1 b5 28. Qd2 Qd6 {[%emt 0:00:40] ...d4 ist eine echte Drohung.} 29. Qd1 (29. Kg2) 29... d4 30. exd4 exd4+ 31. Kg2 d3 32. Re1 Qf4 (32... Qa3 $142 33. Rxb5 Qxc3 (33... Bxb5 $2 34. g5 $19)) 33. Rf1 dxe2 34. Rxe2 Bxf3+ {[%emt 0:00:04] Schwarz setzt Matt.} 35. Rxf3 Qxf3+ 36. Kg1 Re6 37. Qe1 Rxe2 {[%emt 0:00:03] Gewichteter Fehlerwert: Weiß=1.09/Schwarz=0.37.  Fehler:       	Weiß=5     	Schwarz=2     Ungenau:       	Weiß=1     	Schwarz=1     OK:         	Weiß=5     	Schwarz=8     Bester:       	Weiß=1     	Schwarz=2} 0-1

[Event "Polish University-ch Teams 2024"]
[Site "Lublin"]
[Date "2024.02.24"]
[Round "1.17"]
[White "Hadrian, Patryk"]
[Black "Lipka, Michal"]
[Result "1-0"]
[ECO "D00"]
[WhiteElo "1658"]
[BlackElo "1389"]
[Annotator "NA RC"]
[PlyCount "110"]
[EventDate "2024.02.22"]
[EventType "team-tourn"]
[EventCountry "POL"]
[SourceTitle "playchess.com"]
[Source "ChessBase"]
[SourceQuality "1"]
[TimeControl "900+5"]

1. d4 d5 2. Nc3 Nf6 3. Bf4 a6 4. e3 e6 5. g4 h6 6. h4 Bd6 7. Qf3 Bxf4 8. Qxf4 Qd6 9. Qf3 Qb4 10. O-O-O c5 11. g5 hxg5 12. hxg5 Rxh1 13. Qxh1 Ng8 14. Qh8 Kf8 15. Bd3 g6 16. dxc5 Qg4 17. f4 Nc6 18. Be2 Qg3 19. Nf3 Bd7 20. Qh1 Qf2 21. Qg1 Qxg1 22. Rxg1 Nge7 23. Nd4 Kg7 24. Bd3 Rh8 25. a3 Rh3 26. Kd2 Nxd4 27. exd4 Nc6 28. Ne2 Rh2 29. c3 a5 30. Bb5 Kf8 31. Bxc6 Bxc6 32. Re1 a4 33. Kc2 Bb5 34. Kd1 Ke7 35. Kd2 Rg2 36. Ke3 f6 37. gxf6+ Kxf6 38. Kf3 Rh2 39. Ke3 Kf5 40. Ng3+ Kf6 41. Rb1 Rh3 42. Kf2 Rh2+ 43. Kf3 Bd3 44. Re1 Rxb2 45. Ke3 Bf5 46. Ra1 Rc2 47. Ne2 g5 48. fxg5+ Kxg5 49. Rg1+ Bg4 50. Rg2 Ra2 51. Rf2 Rxa3 52. Kd2 Rb3 53. Nc1 Rb2+ 54. Ke3 Rxf2 55. Kxf2 Kf4 1-0